 Dungeon Crawl Stone Soup version 0.19.4 (webtiles) character file.

55393 Jynx the Bludgeoner (level 14, -3/130 HPs)
             Began as a Minotaur Fighter on Feb 5, 2017.
             Was the Champion of Okawaru.
             Slain by an orc knight
             ... wielding a +0 battleaxe
              (29 damage)
             ... on level 1 of the Orcish Mines.
             The game lasted 00:35:29 (21012 turns).

Jynx the Bludgeoner (Minotaur Fighter)             Turns: 21012, Time: 00:35:29

Health: -3/130     AC: 17    Str: 29    XL:     14   Next: 38%
Magic:  11/13      EV: 14    Int: 13    God:    Okawaru [******]
Gold:   1705       SH: 23    Dex: 15    Spells: 0 memorised, 13 levels left

rFire  . . .     SeeInvis .     t - +8 mace of Hubris {flame, +Fly Str+3 Int+5}
rCold  . . .     Gourm    .     I - +4 ring mail of Spring {rPois rN+ rCorr}
rNeg   + . .     Faith    .     y - +0 large shield
rPois  +         Spirit   .     a - +1 hat {Int+3}
rElec  .         Reflect  .     B - +1 cloak
rCorr  +         Harm     .     (no gloves)
MR     +....                    (no boots)
Stlth  ++........               (no amulet)
                                G - +1 ring of evasion
                                Y - +5 ring of strength

@: heroism
A: retaliatory headbutt, horns 2
a: Heroism, Finesse, Renounce Religion, Evoke Flight


You were on level 1 of the Orcish Mines.
You worshipped Okawaru.
Okawaru was exalted by your worship.
You were very hungry.

You visited 3 branches of the dungeon, and saw 18 of its levels.
You also visited: Labyrinth.

You collected 1705 gold pieces.

Inventory:

Hand Weapons
 t - the +8 mace of Hubris (weapon) {flame, +Fly Str+3 Int+5}
   (Okawaru gifted it to you on level 3 of the Lair of Beasts)

   It has been specially enchanted to burn those struck by it, causing extra
   injury to most foes and up to half again as much damage against particularly
   susceptible opponents.
   It affects your strength (+3).
   It affects your intelligence (+5).
   It lets you fly.
Armour
 a - a +1 hat of intelligence (worn)
 y - a +0 large shield (worn)
 B - a +1 cloak (worn)
 I - the +4 ring mail of Spring (worn) {rPois rN+ rCorr}
   (You found it on level 7 of the Dungeon)

   It protects you from poison.
   It protects you from negative energy.
   It protects you from acid and corrosion.
Rods
 n - a +4 rod of ignition (14/14)
   (You found it on level 6 of the Lair of Beasts)
Jewellery
 G - a +1 ring of evasion (right hand)
 R - a +2 ring of evasion
 Y - a +5 ring of strength (left hand)
Wands
 b - a wand of teleportation (1/9)
 c - a wand of disintegration (7/24)
 i - a wand of teleportation (3/9)
 q - a wand of slowing (14/48)
 w - a wand of lightning (4/15)
 D - a wand of teleportation (5/9)
 H - a wand of teleportation (7/9)
 K - a wand of lightning (8/15)
 N - a wand of flame (26/48)
 P - a wand of iceblast (12/15)
 T - a wand of lightning (9/15)
 V - a wand of flame (32/48)
Scrolls
 h - 3 scrolls of enchant weapon
 l - 15 scrolls of remove curse
 s - 2 scrolls of teleportation
 v - a scroll of identify
 A - a scroll of enchant armour
 E - 3 scrolls of fear
 F - 4 scrolls of fog
 U - 3 scrolls of recharging
 W - 2 scrolls of magic mapping
Potions
 d - a potion of might
 e - 7 potions of curing
 j - 2 potions of heal wounds
 m - 2 potions of cancellation
 r - 5 potions of haste
 u - a potion of berserk rage
 x - a potion of ambrosia
 z - 2 potions of invisibility
 C - a potion of resistance
 L - 3 potions of flight
 M - a potion of lignification
Books
 J - a book of the Earth

   Spells                             Type                      Level
   a - Leda's Liquefaction            Hexes/Earth                  4
   b - Bolt of Magma                  Conjuration/Fire/Earth       5
   c - Statue Form                    Transmutation/Earth          6
   d - Iron Shot                      Conjuration/Earth            6
   e - Shatter                        Earth                        9
Comestibles
 f - 5 bread rations
 g - 3 royal jellies
 o - 12 meat rations
 p - 8 fruits


   Skills:
 + Level 13.9(18.9) Fighting
 * Level 18.2(23.2) Maces & Flails
 + Level 13.6(18.6) Armour
 + Level 13.4(18.4) Shields


You had 13 spell levels left.
You didn't know any spells.

Dungeon Overview and Level Annotations

Branches:
Dungeon (10/15)            Temple (0/1) D:7            Lair (6/6) D:9
  Swamp (0/4) Lair:2        Snake (0/4) Lair:2        Slime (0/5) Lair:6
    Orc (2/2) D:10            Elf (0/3) Orc:2

Altars:
Elyvilon
Fedhas
Okawaru
Sif Muna
Uskayaw
Zin
Beogh

Shops:
D:4 =   D:5 *   D:6 *   D:8 !*}=*   D:9 }   Orc:1 %

Annotations:
D:6 1 runed door


Innate Abilities, Weirdness & Mutations

You reflexively headbutt those who attack you in melee.
You have a pair of horns on your head.


Message History

The orc priest no longer looks unusually strong.
You block the orc warrior's attack. You block the orc's attack. x2
The orc warrior hits you from afar with a glaive of pain.
* * * LOW HITPOINT WARNING * * *
Something barely misses you. The orc priest misses you.
The orc knight roars a battlecry!
The orcs go into a battle-frenzy!
You hit the orc knight but do no damage.
Your headbutt misses the orc knight.
The orc knight is severely wounded.
You block the orc warrior's attack.
Unknown command.
You hit the orc knight. You burn the orc knight.
Your headbutt misses the orc knight.
The orc knight is almost dead.
You are feeling very hungry.
You block the orc's attack. You block the orc warrior's attack.
The orc hits you but does no damage.
The orc knight hits you with a battleaxe!!
You die...

##.#...........
...............#.
...........#....#
................##
#..#.#...........#
#................#
#.....).........#
#.....)>o)oo....##
........)o@......#
.........ooo......
.....#....o...#...
......#......## .
...#..#........
...#............
#. #....#.....##.
#..###...##


You could see an orc knight, 3 orc warriors, an orc priest and 3 orcs.

Vanquished Creatures
  Gastronok (Lair:2)
  A minotaur (Lab)
  9 hydras
  A catoblepas (Lair:6)
  An anaconda (Lair:5)
  15 death yaks
  A deep troll shaman (Lair:6)
  Sonja (Lair:3)
  Nergalle (Lair:3)
  A fire crab (Lair:4)
  A hill giant (D:10)
  Pikel (D:7)
  2 orc sorcerers
  A cyclops (Orc:1)
  8 elephants
  Joseph (D:9)
  13 black mambas
  9 spiny frogs
  2 rime drakes
  4 komodo dragons
  3 polar bears
  8 blink frogs
  A two-headed ogre (Orc:1)
  10 hippogriffs
  A shadow (D:9)
  25 yaks
  5 wyverns
  Grum (D:8)
  A warg (Orc:1)
  Edmund (D:6)
  A soldier ant (D:6)
  22 water moccasins
  12 orc warriors
  4 ice beasts
  7 porcupines
  2 sky beasts (D:8)
  2 black bears
  2 phantoms
  6 centaurs
  7 ogres
  14 wolves
  A big kobold (D:9)
  10 crocodiles
  10 bullfrogs
  2 water moccasin skeletons
  2 scorpions
  13 killer bees
  8 wights
  An electric eel (Lair:2)
  2 centaur zombies
  A crimson imp (D:10)
  2 bullfrog zombies
  Crazy Yiuf (D:4)
  14 orc priests
  3 bullfrog skeletons
  A gnoll shaman (D:4)
  5 hounds
  14 worker ants
  5 iguanas
  23 orc wizards
  A hound skeleton (D:4)
  A hound zombie (D:8)
  2 howler monkey zombies
  7 gnolls
  A howler monkey skeleton (D:9)
  14 adders
  2 shadow imps
  2 oozes (D:1)
  3 adder skeletons
  An adder zombie (D:9)
  2 worms (D:2)
  2 dart slugs (D:2)
  3 leopard geckos
  58 orcs
  4 ball pythons
  10 giant cockroaches
  7 goblins
  5 hobgoblins
  9 jackals
  12 kobolds
  3 quokkas
  9 bats
  6 frilled lizards
  A jackal skeleton (D:4)
  9 rats
  A butterfly (D:6)
502 creatures vanquished.

Vanquished Creatures (others)
  Duvessa (D:7)
  A slave (D:7)
  Dowan (D:7)
  An orc wizard (Orc:1)
  An orc (Orc:1)
  A bush (Lair:4)
  8 fungi
  7 plants
21 creatures vanquished.

Grand Total: 523 creatures vanquished

Notes
Turn   | Place    | Note
-------+----------+-------------------------------------------
     0 | D:1      | Jynx the Minotaur Fighter began the quest for the Orb.
     0 | D:1      | Reached XP level 1. HP: 19/19 MP: 0/0
    41 | D:1      | Reached skill level 3 in Maces & Flails
    41 | D:1      | Reached XP level 2. HP: 24/27 MP: 1/1
   822 | D:2      | Reached XP level 3. HP: 31/33 MP: 2/2
  1364 | D:3      | Reached skill level 4 in Maces & Flails
  1369 | D:3      | Reached XP level 4. HP: 32/41 MP: 3/3
  2169 | D:3      | Reached XP level 5. HP: 47/47 MP: 4/4
  2298 | D:3      | Found a glowing silver altar of Zin.
  2417 | D:4      | Reached skill level 5 in Maces & Flails
  2567 | D:4      | Reached skill level 5 in Fighting
  2569 | D:4      | Reached skill level 5 in Armour
  2585 | D:4      | Reached XP level 6. HP: 22/56 MP: 5/5
  2959 | D:4      | Reached skill level 6 in Maces & Flails
  2979 | D:3      | HP: 2/56 [orc priest/divine providence (12)]
  3473 | D:4      | Found a runed door.
  3579 | D:4      | Reached XP level 7. HP: 62/62 MP: 6/6
  3686 | D:4      | Found Roeq Nej's Jewellery Shoppe.
  3874 | D:4      | Reached skill level 7 in Maces & Flails
  4104 | D:5      | Entered Level 5 of the Dungeon
  4190 | D:4      | Noticed Crazy Yiuf
  4194 | D:4      | Killed Crazy Yiuf
  4299 | D:5      | Found an iron altar of Okawaru.
  4318 | D:5      | Became a worshipper of Warmaster Okawaru
  4646 | D:5      | Reached skill level 8 in Maces & Flails
  4646 | D:5      | Reached XP level 8. HP: 71/71 MP: 7/7
  4902 | D:5      | Found Ihaorauplu's Assorted Antiques.
  4950 | D:6      | Reached skill level 5 in Shields
  5233 | D:6      | Found a deep blue altar of Sif Muna.
  5235 | D:6      | Found a hide-covered altar of Uskayaw.
  5491 | D:6      | Reached * piety under Okawaru
  5500 | D:6      | Reached skill level 9 in Maces & Flails
  5623 | D:6      | Found a runed door.
  5659 | D:6      | Reached XP level 9. HP: 28/79 MP: 6/8
  5668 | D:6      | Reached ** piety under Okawaru
  5885 | D:6      | Found a runed door.
  5923 | D:6      | Reached skill level 10 in Maces & Flails
  6384 | D:6      | Noticed Edmund
  6407 | D:6      | Killed Edmund
  6837 | D:6      | Found Vuappum's Serpentskin Sales.
  6852 | D:6      | Reached *** piety under Okawaru
  6852 | D:6      | Reached skill level 11 in Maces & Flails
  7381 | D:7      | Got a twisted ring mail
  7392 | D:7      | Identified the +4 ring mail of Spring {rPois rN+ rCorr} (You found it on level 7 of the Dungeon)
  7491 | D:7      | Noticed Pikel
  7511 | D:7      | Killed Pikel
  7511 | D:7      | Reached XP level 10. HP: 57/90 MP: 9/9
  7593 | D:7      | Killed Duvessa
  7597 | D:7      | Killed Dowan
  7925 | D:7      | Found a staircase to the Ecumenical Temple.
  8079 | D:8      | Found Awuff's Assorted Antiques.
  8102 | D:8      | Noticed Grum
  8472 | D:8      | Found Muox's Jewellery Shoppe.
  8510 | D:8      | Killed Grum
  8543 | D:8      | Found Limacsu's Gadget Shop.
  8653 | D:8      | Found a white marble altar of Elyvilon.
  8654 | D:8      | Found a blossoming altar of Fedhas.
  8725 | D:8      | Found a flagged portal.
  8805 | D:8      | Reached skill level 12 in Maces & Flails
  8817 | D:8      | Reached **** piety under Okawaru
  9015 | D:8      | Found Iciome's Assorted Antiques.
  9133 | D:8      | Found Wuphos's Distillery.
  9466 | D:9      | Found a staircase to the Lair.
  9580 | D:9      | Noticed Joseph
  9602 | D:9      | Killed Joseph
  9830 | D:9      | Found Pirelia's Gadget Emporium.
  9864 | D:9      | Reached skill level 10 in Fighting
 10064 | D:9      | Got a brightly glowing battleaxe {protect}
 10442 | Lair:1   | Entered Level 1 of the Lair of Beasts
 10487 | Lair:1   | Reached ***** piety under Okawaru
 10489 | Lair:1   | Noticed a spiny frog
 10508 | Lair:1   | Received a gift from Okawaru
 10508 | Lair:1   | Reached skill level 13 in Maces & Flails
 10517 | Lair:1   | Killed a spiny frog
 10517 | Lair:1   | Reached skill level 10 in Armour
 10517 | Lair:1   | Reached XP level 11. HP: 14/99 MP: 10/10
 11675 | Lair:1   | Noticed a seven-headed hydra
 11683 | Lair:1   | Killed a seven-headed hydra
 11725 | Lair:2   | Found a staircase to the Swamp.
 12049 | Lair:2   | Noticed Gastronok
 12064 | Lair:2   | Killed Gastronok
 12064 | Lair:2   | Reached skill level 14 in Maces & Flails
 12292 | Lair:2   | Reached skill level 10 in Shields
 12450 | Lair:2   | Found a staircase to the Snake Pit.
 12914 | Lair:3   | Noticed Nergalle
 12925 | Lair:3   | Killed Nergalle
 12925 | Lair:3   | Reached XP level 12. HP: 95/110 MP: 11/11
 12932 | Lair:3   | Noticed a seven-headed hydra
 12942 | Lair:3   | Killed a seven-headed hydra
 12942 | Lair:3   | Reached ****** piety under Okawaru
 13154 | Lair:3   | Noticed a seven-headed hydra
 13162 | Lair:3   | Killed a seven-headed hydra
 13229 | Lair:3   | Noticed a four-headed hydra
 13237 | Lair:3   | Killed a four-headed hydra
 13237 | Lair:3   | Received a gift from Okawaru
 13240 | Lair:3   | Got a jewelled mace {god gift}
 13241 | Lair:3   | Identified the +8 mace of Hubris {flame, +Fly Str+3 Int+5} (Okawaru gifted it to you on level 3 of the Lair of Beasts)
 13312 | Lair:3   | Reached skill level 15 in Maces & Flails
 13385 | Lair:3   | Noticed Sonja
 13391 | Lair:3   | Killed Sonja
 14102 | Lair:4   | Noticed a death yak
 14119 | Lair:4   | Noticed a death yak
 14121 | Lair:4   | Noticed a death yak
 14121 | Lair:4   | Noticed a death yak
 14121 | Lair:4   | Noticed a death yak
 14122 | Lair:4   | Killed a death yak
 14122 | Lair:4   | Received a gift from Okawaru
 14123 | Lair:4   | Noticed a death yak
 14138 | Lair:4   | Killed a death yak
 14150 | Lair:4   | Killed a death yak
 14164 | Lair:4   | Killed a death yak
 14164 | Lair:4   | Received a gift from Okawaru
 14169 | Lair:4   | Killed a death yak
 14169 | Lair:4   | Reached skill level 16 in Maces & Flails
 14175 | Lair:4   | Killed a death yak
 14240 | Lair:4   | Reached XP level 13. HP: 57/119 MP: 10/12
 14583 | Lair:4   | Identified the +10 battleaxe of Freehold {protect, rElec rPois} (You took it off an orc on level 9 of the Dungeon)
 14717 | Lair:4   | Got a blackened ring mail
 14728 | Lair:4   | Identified the cursed +1 ring mail "Olem" {Int+4} (You found it on level 4 of the Lair of Beasts)
 14766 | Lair:4   | Received a gift from Okawaru
 16587 | Lair:6   | Entered Level 6 of the Lair of Beasts
 16804 | Lair:6   | Reached skill level 17 in Maces & Flails
 17256 | Lair:6   | Found a staircase to the Slime Pits.
 17649 | Lair:6   | Got a dazzling flail
 17650 | Lair:6   | Identified the +7 flail of the Unstoppable Eyes {protect, Dex+6} (You found it on level 6 of the Lair of Beasts)
 18528 | Lair:6   | Reached XP level 14. HP: 114/129 MP: 10/13
 18601 | Lair:6   | Received a gift from Okawaru
 18780 | Lair:6   | Identified a +4 rod of ignition (14/14) (You found it on level 6 of the Lair of Beasts)
 19046 | D:10     | Entered Level 10 of the Dungeon
 19052 | D:10     | Reached skill level 18 in Maces & Flails
 19486 | D:10     | Found a roughly hewn altar of Beogh.
 19486 | D:10     | Found a staircase to the Orcish Mines.
 19890 | Orc:1    | Entered Level 1 of the Orcish Mines
 19890 | Orc:1    | Found Tychy's Food Emporium.
 20415 | Orc:2    | Entered Level 2 of the Orcish Mines
 20447 | Orc:2    | Found a staircase to the Elven Halls.
 20447 | Orc:2    | Found a labyrinth entrance.
 20522 | Lab      | Entered a labyrinth
 20662 | Lab      | Got a smoking mace
 20663 | Lab      | Identified the +5 mace of Eternal War {chaos, *Slow MP+9 SInv} (You found it in a labyrinth)
 21012 | Orc:1    | Slain by an orc knight

Skill      XL: |  1  2  3  4  5  6  7  8  9 10 11 12 13 14 |
---------------+-------------------------------------------+-----
Maces & Flails | 3 4 5 6 8 9 11 13 14 16 17 18 | 18.2
Fighting       | 4 5 6 7 8 10 11 12 13 | 13.9
Armour         | 4 5 6 7 8 10 11 12 13 | 13.6
Shields        | 4 6 7 8 10 11 12 13 | 13.4

Action                   |  1- 3 |  4- 6 |  7- 9 | 10-12 | 13-15 || total
-------------------------+-------+-------+-------+-------+-------++-------
Melee: Flail             |    87 |   152 |       |       |       ||   239
       Headbutt          |     7 |    22 |    91 |   182 |   170 ||   472
       Mace              |       |     4 |   319 |   506 |   562 ||  1391
       Morningstar       |       |       |       |   178 |       ||   178
Invok: Heroism           |       |       |     3 |    14 |    12 ||    29
       Finesse           |       |       |       |     1 |       ||     1
  Use: Scroll            |       |    10 |     7 |    12 |     7 ||    36
       Potion            |       |       |     1 |     1 |     3 ||     5
  Eat: Chunk             |     1 |     8 |    11 |    19 |    18 ||    57
       Beef jerky        |       |       |     1 |       |     1 ||     2
       Fruit             |       |       |       |     1 |     2 ||     3
       Pizza             |       |       |       |     1 |       ||     1
Armor: Scale mail        |    39 |    74 |    67 |       |       ||   180
       Ring mail         |       |       |    18 |   165 |   157 ||   340
Dodge: Dodged            |    38 |    80 |    67 |   144 |   116 ||   445
Block: Large shield      |       |       |   214 |   541 |   528 ||  1283
